[Event "FIDE WY-U16 Olympiad 2022"]
[Site "Nakhchivan"]
[Date "2022.10.06"]
[Round "5.13"]
[White "Levitan, Caleb Levi"]
[Black "Baranciuc, Alexandr"]
[Result "0-1"]
[ECO "C72"]
[WhiteElo "2063"]
[BlackElo "2121"]
[Annotator "TA"]
[PlyCount "114"]
[EventDate "2022.10.02"]
[EventType "team-tourn"]
[EventCountry "AZE"]
[SourceTitle "playchess.com"]
[Source "ChessBase"]
[SourceQuality "1"]
[WhiteTeam "South Africa"]
[BlackTeam "Moldova"]
[WhiteTeamCountry "RSA"]
[BlackTeamCountry "MDA"]
[TimeControl "40/5400+30:1800+30"]

1. e4 e5 2. Nf3 Nc6 3. Bb5 a6 4. Ba4 d6 5. O-O Bd7 6. c3 Nge7 7. d4 Ng6 8. Be3 Be7 9. Nbd2 O-O 10. Bb3 {[%emt 0:02:27] C75: Ruy Lopez: Deferred Steinitz: 5 c3 Bd7 6 d4 without ...g6.} Na5 11. Bc2 {[%emt 0:01:50] [#]} exd4 $146 ({Predecessor:} 11... f5 12. dxe5 f4 13. Bd4 Nc6 14. exd6 Bxd6 15. Bb3+ Kh8 16. Nc4 Bg4 17. Qd3 Nh4 18. Nxh4 Qxh4 {1-0 (37) Paez,A (1581)-Hernandez Torres,J (1370) Pereira 2022}) 12. cxd4 {[%emt 0:01:57] White is slightly better.} c5 13. Rc1 Rc8 14. Bb1 b5 15. Qe2 c4 16. Rfd1 Re8 17. h3 d5 18. exd5 Bf8 ({Black should play} 18... f6 $14) 19. Qf1 (19. Ne4 $16) 19... Nb7 20. Re1 Nd6 21. Bg5 f6 22. Bxg6 hxg6 23. Bf4 Bf5 24. Rxe8 Qxe8 25. g4 Bd3 {[%emt 0:02:27][%mdl 1024] Black has strong compensation.} 26. Qg2 g5 27. Bg3 {[%emt 0:02:02] [#]} (27. Bxd6 $17 Bxd6 28. h4) 27... Qf7 (27... b4 $1 $19 28. Ne1 Bg6) 28. Ne1 $17 {[%emt 0:01:00] Threatens to win with Bxd6.} Bg6 {[%emt 0:00:50] Black is more active.} 29. Qf3 Re8 30. Bxd6 (30. Ng2 $17 {was called for.}) 30... Bxd6 $19 31. Nc2 (31. Ng2 {keeps fighting.}) 31... Qa7 32. Qc3 (32. Nf1 $142) 32... Bd3 $2 ({Black should try} 32... Re2 $19 33. Ne3 b4 34. Qxc4 Rxd2) 33. b4 $2 (33. b3 $1 $15) 33... Bf4 (33... Re2 $142 34. Ne3 Qb8) 34. Re1 Qd7 35. Ne3 (35. Nf1 {was necessary.}) 35... Kf7 36. Ndf1 g6 37. a3 (37. Rd1 $142 Qd6 38. Rxd3 cxd3 39. Kg2) 37... Rh8 38. Kg2 Re8 39. Kg1 $1 Be4 40. Ng3 Bf3 41. Ng2 Rxe1+ ({Inferior is} 41... Qxd5 42. Rxe8 Kxe8 43. Ne1) 42. Nxe1 Bxd5 43. Ne2 Bc7 {[%emt 0:01:34] A strong pair of Bishops.} 44. Ng3 (44. Qe3 $142) 44... Bb7 45. Kf1 Qd5 46. Ke2 Bb6 47. Nc2 Qg2 {[%emt 0:00:22] Prevents f3.} 48. Nf1 Qe4+ 49. Kd2 (49. Kd1 {is the only way for White.}) 49... Bc7 50. Nce3 Bf4 51. Kc1 (51. Ke1 $142) 51... Qg2 {[%emt 0:01:40] [#] ( -> ...Qxf1+)} 52. Qe1 Qxh3 53. Kb2 Qh1 54. Qe2 Be4 {[%emt 0:01:46] Strongly threatening ...Bd3.} 55. Ng3 Qb1+ {[%emt 0:00:27] Black mates.} 56. Kc3 Bxe3 57. Nxe4 Qc1+ {[%emt 0:00:15] Weighted Error Value: White=0.55/Black=0.42} 0-1

[Event "FIDE WY-U16 Olympiad 2022"]
[Site "Nakhchivan"]
[Date "2022.10.06"]
[Round "5.14"]
[White "Gonzalez Soler, Leduard Manuel"]
[Black "Taspinar, Yanki"]
[Result "1-0"]
[ECO "A06"]
[WhiteElo "2251"]
[BlackElo "2325"]
[Annotator "TA"]
[PlyCount "85"]
[EventDate "2022.10.02"]
[EventType "team-tourn"]
[EventCountry "AZE"]
[SourceTitle "playchess.com"]
[Source "ChessBase"]
[SourceQuality "1"]
[WhiteTeam "Cuba"]
[BlackTeam "Turkey"]
[WhiteTeamCountry "CUB"]
[BlackTeamCountry "TUR"]
[TimeControl "40/5400+30:1800+30"]

1. Nf3 d5 2. g3 Nf6 3. Bg2 e6 4. O-O c5 5. c4 d4 6. d3 Nc6 7. e3 {[%emt 0:00:22] A09: Réti Opening: 1 Nf3 d5 2 c4.} Bd6 8. exd4 cxd4 9. Bg5 {[%emt 0:00:36] The position is equal. The main line 9.Bg5 scores better than 9.Na3.} h6 10. Bxf6 Qxf6 11. Nbd2 Qd8 12. a3 a5 {[%emt 0:00:33] Inhibits b4.} 13. Rc1 O-O 14. c5 Bc7 15. Re1 e5 (15... Bd7 $11) 16. Nc4 $14 Re8 17. b4 (17. Nfd2 $14) 17... axb4 $11 18. axb4 Nxb4 19. Nfxe5 {[%emt 0:01:14] aiming for Qb3.} Bxe5 {[%emt 0:09:33] [#]} 20. Nxe5 $146 ({Predecessor:} 20. Rxe5 Rxe5 21. Nxe5 Qc7 22. Qb3 Qxe5 23. Qxb4 Ra2 24. Re1 Re2 25. Rxe2 Qxe2 26. Bxb7 {0-1 (42) Smith,A (2448)-Sipila,V (2262) Stockholm 2011}) 20... Ra3 {[%emt 0:00:12] Against Qb3. White leaves nothing to chance now.} (20... Na2 $11 {and Black stays safe.} 21. Ra1 Nc3) 21. Rb1 $18 Na6 {[%emt 0:05:01] [#]} (21... Nc6 $142 22. Nc4 (22. Nxc6 bxc6 23. Bxc6 Bd7 $16) 22... Rxe1+ 23. Qxe1 Rc3 24. Bxc6 bxc6) 22. Qh5 $1 ({Stronger than} 22. Bxb7 Bxb7 23. Rxb7 Nxc5 $11) 22... Qf6 {[%emt 0:00:35] [#]} (22... Be6 {is tougher.} 23. Rxb7 Qa5) 23. Nxf7 $1 Rf8 (23... Rxe1+ 24. Rxe1) 24. Bd5 {[%emt 0:04:42] Active counter play!} Kh7 25. Re5 (25. Rb6 $142 Be6 26. Rexe6 Nxc5 27. Rxf6 Ra1+ 28. Kg2 Rg1+ 29. Kxg1 Ne6 30. Ng5+ Kh8 31. Rfxe6 Kg8 32. Rxh6+ Rf7 33. Qxf7#) 25... Nc7 26. Bc4 {[%emt 0:02:23] Hoping for Rb6.} Rc3 27. Ng5+ Kh8 28. Ne4 Qd8 29. Nxc3 dxc3 30. Qe2 Qd4 31. Re7 Qxc5 32. Qe3 Qd6 (32... c2 $142 33. Rc1 (33. Qxc5 cxb1=Q+ 34. Kg2 Bh3+ 35. Kxh3 Qf1+ 36. Kh4 Rxf2 $11) 33... Qd6 34. Rxc2 Bf5) 33. Rb6 Nd5 34. Rxd6 (34. Bxd5 $142 Qxb6 35. Qxb6 c2 36. Qb2 Rf6 37. Qxc2 Bh3 38. Qa4 Kh7 39. Qe8) 34... Nxe3 35. Rxe3 ({Don't go for} 35. fxe3 $2 c2 36. Kg2 c1=Q $19) 35... Bg4 36. Re1 c2 37. Rc1 Bd1 38. Re6 Rb8 39. Re1 b5 40. Bb3 Rc8 {[#]} 41. Bxc2 $1 Bxc2 (41... Bg4 42. d4) 42. Re2 b4 43. Rexc2 {[%emt 0:00:07] Weighted Error Value: White=0.49/Black=0.81} 1-0

[Event "FIDE WY-U16 Olympiad 2022"]
[Site "Nakhchivan"]
[Date "2022.10.06"]
[Round "5.14"]
[White "Triboi, Alexander"]
[Black "Badenhorst, Chloe"]
[Result "1/2-1/2"]
[ECO "B33"]
[WhiteElo "1974"]
[BlackElo "1687"]
[Annotator "TA"]
[PlyCount "58"]
[EventDate "2022.10.02"]
[EventType "team-tourn"]
[EventCountry "AZE"]
[SourceTitle "playchess.com"]
[Source "ChessBase"]
[SourceQuality "1"]
[WhiteTeam "Moldova"]
[BlackTeam "South Africa"]
[WhiteTeamCountry "MDA"]
[BlackTeamCountry "RSA"]
[TimeControl "40/5400+30:1800+30"]

1. e4 c5 2. Nf3 Nc6 3. d4 cxd4 4. Nxd4 Nf6 5. Nc3 e5 6. Ndb5 d6 7. Bg5 a6 8. Na3 b5 9. Bxf6 gxf6 10. Nd5 f5 11. Bd3 Be6 12. c3 Bg7 13. Qh5 O-O 14. O-O f4 15. Nc2 {[%emt 0:19:45] Pair of Knights!} h6 {[%emt 0:09:59] B33: Sicilian: Pelikan and Sveshnikov Variations.} 16. a4 bxa4 $1 17. Rxa4 a5 {[%emt 0:01:46] White is slightly better.} 18. Rfa1 Rb8 19. b4 axb4 20. Ncxb4 Nxb4 {[%emt 0:01:51] [#]} 21. Nxb4 $146 {[%emt 0:05:42] Strongly threatening Nc6.} ({Predecessor:} 21. cxb4 Bxd5 22. exd5 e4 23. Bxe4 Re8 24. Ra7 Qf6 25. f3 Rxb4 26. h3 Rb2 27. Kh1 {1-0 (44) Parligras,M (2539)-Milanovic,D (2443) Sozina 2004}) 21... Rc8 {[%emt 0:05:17] Against Nc6} 22. R1a3 Qg5 23. Qxg5 hxg5 24. Ra6 Rfd8 25. Nc6 Rd7 26. Na7 (26. Ra8 $11 {keeps the balance.} Rxa8 27. Rxa8+ Bf8 28. Nd8) 26... Rb8 ({Black should try} 26... Rc5 $17 {...d5 is the strong threat.} 27. R6a5 Rxa5 28. Rxa5 d5 29. exd5 Bxd5) 27. Nc6 Rc8 28. Na7 Rb8 29. Nc6 Rc8 {[%emt 0:00:26] Weighted Error Value: White=0.15 (very precise) /Black=0.18 (very precise)} (29... Rb2 $17) 1/2-1/2

[Event "FIDE WY-U16 Olympiad 2022"]
[Site "Nakhchivan"]
[Date "2022.10.06"]
[Round "5.15"]
[White "Camlar, Arda"]
[Black "Hernandez Izquierdo, Jose A."]
[Result "1-0"]
[ECO "A80"]
[WhiteElo "2322"]
[BlackElo "2140"]
[Annotator "TA"]
[PlyCount "117"]
[EventDate "2022.10.02"]
[EventType "team-tourn"]
[EventCountry "AZE"]
[SourceTitle "playchess.com"]
[Source "ChessBase"]
[SourceQuality "1"]
[WhiteTeam "Turkey"]
[BlackTeam "Cuba"]
[WhiteTeamCountry "TUR"]
[BlackTeamCountry "CUB"]
[TimeControl "40/5400+30:1800+30"]

1. d4 f5 2. Bg5 d5 3. Nc3 Nf6 4. h4 e6 5. e3 Be7 {[%emt 0:02:47] [#]} 6. Qd2 $146 {[%emt 0:04:50] A80: Dutch Defence: Unusual White second moves.} ({Predecessor:} 6. Nh3 O-O 7. Qd2 Ne4 8. Nxe4 dxe4 9. O-O-O Nd7 10. Nf4 Nf6 11. Bc4 Qd6 12. Qa5 h6 13. Qxf5 Nd5 14. Qxe4 Bxg5 15. Nxd5 {1-0 (15) Jobava,B (2713)-Sandipan,C (2594) Dubai 2014}) 6... O-O 7. O-O-O c5 8. dxc5 $1 {[%emt 0:01:47] The position is equal.} Nc6 9. Nf3 Qa5 10. Nd4 Qxc5 11. f3 Ne5 12. Nb3 Qb6 13. Bf4 Nf7 14. Qd4 Bd7 15. Qxb6 axb6 16. Kb1 Rfc8 17. e4 (17. h5 $11) 17... e5 (17... dxe4 $6 18. fxe4 fxe4 19. Nxe4 $11) ({Better is} 17... fxe4 $17 18. Bg5 exf3 19. gxf3 h6 20. Bxf6 Bxf6) 18. Bg5 $14 ({Reject} 18. Nxd5 Nxd5 19. Rxd5 Bc6 $15) 18... d4 ({Weaker is} 18... fxe4 19. Bxf6 Bxf6 20. Nxd5 $16) 19. Bxf6 Bxf6 20. Nd5 Bd8 21. f4 (21. Bd3 $5 ) 21... fxe4 22. fxe5 d3 23. cxd3 exd3 24. Bxd3 Nxe5 25. Be4 Rc4 $1 $36 {[%emt 0:02:49][%mdl 2048] Black has some pressure.} 26. Rhe1 {[%emt 0:03:45] [#]} Rxe4 27. Rxe4 Bf5 $1 28. Rde1 (28. Nd2 $11 {keeps the balance.}) 28... Bxh4 {[%emt 0:00:22] Threatens to win with ...Ra4.} (28... Ra4 $5 29. Nc3 Bxh4 $17) 29. Ka1 Bxe4 30. Rxe4 Bf6 31. Nxb6 Rd8 {[%emt 0:00:47] ( -> ...Rd1+)} 32. Kb1 Rd1+ 33. Kc2 Rg1 34. Re2 Nc6 35. Nd5 {[%emt 0:00:30] Prevents Nb4+.} Be5 36. Kd3 Rb1 37. Nc3 {[%emt 0:01:56] Pair of Knights!} Rf1 38. Kc4 Rf4+ 39. Kc5 Rf6 40. Nd5 Re6 {[%emt 0:00:26] And now ...Bd6+ would win.} 41. Kc4 Rd6 (41... Rg6 $11) 42. Ne7+ Kf7 43. Nxc6 Rxc6+ $11 {[%emt 0:00:02][%mdl 4096] Endgame KRB-KRN} 44. Kb5 Bc7 45. Nc5 Rb6+ $1 46. Kc4 h5 (46... Bd6 $11 {remains equal.}) 47. b4 $16 g5 {[%emt 0:01:46] [#]} 48. a4 $1 {[%emt 0:04:33][%cal Ba2a4,Ba4a5,Ba5a6,Ba6a7][%mdl 32] a5 is the strong threat. White is more active.} Rc6 $2 {[%emt 0:02:07] This move loses the game for Black.} (48... h4 $16 {might work better.}) 49. b5 $18 Rf6 50. Nxb7 Rf4+ (50... Rb6 {keeps fighting.} 51. Rf2+ Ke8) 51. Kb3 {[%emt 0:00:42] White is clearly winning.} h4 52. a5 {[%emt 0:00:31] Hoping for b6.} Rf5 53. b6 Bh2 54. Kc4 Rf4+ 55. Kb5 Bg1 56. a6 {[%emt 0:00:00] aiming for a7.} Rf6 57. Nc5 Rf1 58. a7 Rb1+ 59. Kc6 {[%emt 0:00:00] Weighted Error Value: White=0.12 (very precise) /Black=0.29 (precise)} 1-0

[Event "FIDE WY-U16 Olympiad 2022"]
[Site "Nakhchivan"]
[Date "2022.10.06"]
[Round "5.15"]
[White "Meise, Keagen"]
[Black "Bargan, Victoria"]
[Result "0-1"]
[ECO "D10"]
[WhiteElo "1362"]
[BlackElo "1703"]
[Annotator "NA RC COMBH"]
[PlyCount "102"]
[EventDate "2022.10.02"]
[EventType "team-tourn"]
[EventCountry "AZE"]
[SourceTitle "playchess.com"]
[Source "ChessBase"]
[SourceQuality "1"]
[WhiteTeam "South Africa"]
[BlackTeam "Moldova"]
[WhiteTeamCountry "RSA"]
[BlackTeamCountry "MDA"]
[TimeControl "40/5400+30:1800+30"]

1. d4 d5 2. c4 c6 3. Nc3 Nf6 4. cxd5 cxd5 5. Bf4 Nc6 6. e3 Bf5 7. Nf3 e6 8. a3 Bd6 9. Bxd6 Qxd6 10. Bd3 Bxd3 11. Qxd3 O-O 12. O-O Rfc8 13. Rac1 Na5 14. Ne5 a6 15. Na4 b5 16. Nc5 Nc4 17. Nxc4 bxc4 18. Qd1 Nd7 19. Nxd7 Qxd7 20. Rc3 Rab8 21. b3 Qb5 22. bxc4 Rxc4 23. Qc2 h6 24. h3 a5 25. Rc1 Rbc8 26. Qd2 a4 27. Qd3 Qb2 28. Rxc4 dxc4 29. Qc3 Qb3 30. Kh2 Kf8 31. Kg3 Ke7 32. Kf3 f5 33. g3 Kd6 34. Ke2 Qxc3 35. Rxc3 Kd5 36. g4 g5 37. gxf5 exf5 38. Rc2 Rb8 39. Ra2 Rb3 40. Ra1 Rb2+ 41. Kf3 c3 42. Rc1 Kc4 43. d5 Rd2 44. e4 fxe4+ 45. Kxe4 Rd4+ 46. Ke3 Rxd5 47. f3 Re5+ 48. Kf2 Kb3 49. Rb1+ Kxa3 50. f4 gxf4 51. Rb6 Rc5 0-1

[Event "FIDE WY-U16 Olympiad 2022"]
[Site "Nakhchivan"]
[Date "2022.10.06"]
[Round "5.16"]
[White "Sustov, Savva"]
[Black "Potgieter, Edward"]
[Result "1-0"]
[ECO "C88"]
[WhiteElo "1957"]
[BlackElo "1567"]
[Annotator "TA"]
[PlyCount "61"]
[EventDate "2022.10.02"]
[EventType "team-tourn"]
[EventCountry "AZE"]
[SourceTitle "playchess.com"]
[Source "ChessBase"]
[SourceQuality "1"]
[WhiteTeam "Moldova"]
[BlackTeam "South Africa"]
[WhiteTeamCountry "MDA"]
[BlackTeamCountry "RSA"]
[TimeControl "40/5400+30:1800+30"]

1. e4 {[%emt 0:00:03] ChessBase II} e5 2. Nf3 Nc6 3. Bb5 a6 4. Ba4 Nf6 5. O-O Be7 6. Re1 b5 7. Bb3 O-O 8. a4 b4 9. d4 d6 10. dxe5 dxe5 11. Nbd2 {[%emt 0:00:28] C88: Closed Ruy Lopez: Anti-Marshall Systems.} Bc5 12. a5 Bb7 13. Qe2 Nd4 14. Nxd4 {[%emt 0:05:35] [#]} Qxd4 $146 ({Predecessor:} 14... Bxd4 15. Qf3 Kh8 16. c3 Ba7 17. Bc2 Ne8 18. Qh3 Rb8 19. Nc4 b3 20. Bd3 f6 {½-½ (33) Motylev,A (2685)-Durarbayli,V (2584) Shamkir 2014 CBM 160 [ChessBase II]}) 15. c3 ({White should try} 15. Bc4 $14) 15... bxc3 $11 16. bxc3 Qd7 (16... Qxc3 {feels hotter.} 17. Ba3 Rfd8 18. Rec1 Bxf2+ 19. Qxf2 Qxd2 20. Bxf7+ Kxf7 21. Rxc7+ Kg8) 17. Qc4 Qb5 18. Ba3 Qxc4 19. Bxc4 Bxa3 20. Rxa3 Rfd8 21. Ra2 Rd6 22. Rb2 Bc6 23. f3 Nd7 24. Nf1 Nc5 25. Reb1 Rad8 26. Ne3 g6 27. Nd5 (27. Ng4 $16) 27... Bxd5 28. Bxd5 c6 29. Bc4 Rd1+ 30. Bf1 Na4 {[%emt 0:01:26][%csl LRb2,LRc3] Inhibits Rb6.} 31. Rb8 {[%emt 0:06:57][%mdl 32768] Weighted Error Value: White=0.12 (very precise) /Black=0.09 (flawless) . Loss on time!?} 1-0

[Event "FIDE WY-U16 Olympiad 2022"]
[Site "Nakhchivan"]
[Date "2022.10.06"]
[Round "5.16"]
[White "Caballero Ramos, Greter"]
[Black "Alagoz, Zumra Meryem"]
[Result "1-0"]
[ECO "B35"]
[WhiteElo "1912"]
[BlackElo "1800"]
[Annotator "TA"]
[PlyCount "71"]
[EventDate "2022.10.02"]
[EventType "team-tourn"]
[EventCountry "AZE"]
[SourceTitle "playchess.com"]
[Source "ChessBase"]
[SourceQuality "1"]
[WhiteTeam "Cuba"]
[BlackTeam "Turkey"]
[WhiteTeamCountry "CUB"]
[BlackTeamCountry "TUR"]
[TimeControl "40/5400+30:1800+30"]

1. e4 c5 2. Nf3 Nc6 3. d4 cxd4 4. Nxd4 g6 5. Nc3 Bg7 6. Be3 Nf6 7. Bc4 O-O 8. Bb3 Re8 {[%emt 0:00:22] B35: Sicilian: Accelerated Dragon with 5 Nc3: main line.} 9. f3 e6 10. Qd2 d5 {[%emt 0:00:21] The position is equal.} 11. O-O-O $1 {[%emt 0:00:31] 11.0-0-0 scores better than 11.exd5.} Nxd4 12. Bxd4 {[%emt 0:01:39] Strongly threatening exd5.} e5 13. Bf2 d4 14. Nd5 {[%emt 0:02:04] Prevents Qc7.} (14. Ne2 $11) 14... Nxd5 15. Bxd5 Be6 16. Bxe6 Rxe6 17. Kb1 Rc8 {[%emt 0:00:23] [#]} 18. Rhe1 $146 (18. h4) ({Predecessor:} 18. Rc1 Qd7 19. c3 Rec6 20. cxd4 exd4 21. Rhd1 Rxc1+ 22. Rxc1 Rxc1+ 23. Qxc1 d3 24. Qd2 {0-1 (39) Ondrus,M (2261)-Smieszek,W (2185) Katowice 2017}) 18... Rec6 {[%emt 0:12:12] Inhibits c3.} 19. Rc1 Qb6 20. Red1 (20. c3 $142) 20... Qb5 (20... Rc3 $142 $1 {White must now prevent ...R8c6.} 21. Bh4 Bf8) 21. Qd3 Qa4 {[%emt 0:03:26] aiming for ...Bh6.} 22. Be1 Bf8 (22... Ra6 23. Qb3 $15) ({Better is} 22... Bh6 $17 23. Bd2 Bxd2 24. Rxd2 Qa5) 23. Qb3 $15 Qa6 24. Qd3 $1 b5 25. Bd2 Rc4 26. Rf1 $2 (26. h4 $11 {and White stays safe.}) 26... Ra4 $1 $19 27. Qb3 Rcc4 $1 28. Rcd1 {[%emt 0:10:50][%cal Bc1d1,Bd1d2,Bd2d3][%mdl 32] [#]} Bb4 (28... Rxa2 $1 $19 {[%mdl 512] ( -> ...Ra1#)} 29. Qxa2 Ra4 30. Qxa4 bxa4) 29. f4 Bxd2 30. Rxd2 Rab4 (30... Rcb4 $15 31. Qd5 {[#]} Rxb2+ $1 32. Kxb2 Rb4+ 33. Qb3 (33. Ka1 Qa3 $17) 33... Rxb3+ 34. axb3 Qc6) 31. Qh3 (31. Qf3 $14) 31... Rc3 (31... Ra4 $1 $11 {remains equal.} 32. a3 (32. Qd7 $2 Rxa2 33. Qe8+ Kg7 $19) 32... exf4) 32. Qd7 $16 Rxb2+ $2 (32... Qa3 $2 33. b3 Rcxb3+ 34. axb3 $18) (32... Qc8 33. Qe7 (33. Qxa7 Ra4 $11) (33. Qxc8+ Rxc8 34. b3 d3 $16) 33... a5) 33. Kxb2 $18 Qa3+ 34. Ka1 Rc4 35. Rd3 Qa4 36. fxe5 {[%emt 0:02:19] Weighted Error Value: White=0.30/Black=0.50} 1-0

[Event "FIDE WY-U16 Olympiad 2022"]
[Site "Nakhchivan"]
[Date "2022.10.06"]
[Round "5.17"]
[White "Tarhan, Adar"]
[Black "Nemsadze, Daviti"]
[Result "1-0"]
[ECO "B42"]
[WhiteElo "2320"]
[BlackElo "2012"]
[Annotator "TA"]
[PlyCount "79"]
[EventDate "2022.10.02"]
[EventType "team-tourn"]
[EventCountry "AZE"]
[SourceTitle "playchess.com"]
[Source "ChessBase"]
[SourceQuality "1"]
[WhiteTeam "Turkey"]
[BlackTeam "Georgia"]
[WhiteTeamCountry "TUR"]
[BlackTeamCountry "GEO"]
[TimeControl "40/5400+30:1800+30"]

1. e4 c5 2. Nf3 e6 3. d4 cxd4 4. Nxd4 a6 5. Bd3 Ne7 6. O-O {[%emt 0:01:21] B42: Sicilian: Kan Variation: 5 Bd3.} g6 7. c4 Bg7 8. Nb3 {[%emt 0:02:17] White is slightly better.} O-O 9. Nc3 Nbc6 {[%emt 0:16:23] [#]} 10. Re1 $146 ({Predecessor:} 10. Bf4 d5 11. exd5 exd5 12. c5 b6 13. Bd6 bxc5 14. Bxc5 Re8 15. Re1 Rb8 16. Qd2 {½-½ (29) Saric,I (2695)-Kamsky,G (2666) St Petersburg 2018}) 10... d5 11. exd5 exd5 12. Bg5 {[%emt 0:01:17] Nxd5 is the strong threat.} h6 13. Bxe7 Nxe7 14. Qe2 d4 15. Na4 Nc6 16. c5 Nb4 17. Nb6 Nxd3 18. Qxd3 Bf5 19. Qf3 Rb8 20. Nd5 (20. Rac1 $15) 20... Re8 $17 21. h3 Bd7 (21... Rc8 $17) 22. Rxe8+ $1 $11 Bxe8 23. Qe4 Kh7 {[%emt 0:09:38] And now ...Bc6 would win.} 24. Nxd4 f5 {[%emt 0:00:45][%mdl 64] [#] Deflection} 25. Qe6 {[%emt 0:00:20][%cal Od5e7] Hoping for Ne7!} ({Don't go for} 25. Qf4 $2 Rc8 26. Nb6 Rxc5 $19) 25... Bxd4 26. Ne7 Kg7 (26... h5 $11 {and Black stays safe.} 27. Re1 Kg7 28. Qg8+ Kh6) 27. Qg8+ $18 Kf6 {[%emt 0:00:53] [#]} 28. Nd5+ $1 Kg5 {[%emt 0:00:04] White must now prevent ...Bc6.} 29. Rd1 Bxc5 (29... Bc6 30. Rxd4 Qxd5 31. Qxd5 Bxd5 32. Rxd5 a5) 30. g3 {[%emt 0:12:32][%cal Bg2g3,Bg3g4][%mdl 32] Threatening mate with Qe6.} Qc8 {[%emt 0:02:17] Inhibits Qe6.} 31. h4+ Kg4 32. Kg2 f4 33. f3+ Kf5 34. g4+ Ke5 35. Qg7+ Kd6 36. Qf6+ {[%emt 0:02:06] White is clearly winning.} Kd7 37. Ne7+ Kc7 38. Nxc8 Rxc8 39. Rc1 Kd7 40. Qg7+ {[%emt 0:00:49] Weighted Error Value: White=0.09 (flawless) /Black=0.44} 1-0

[Event "FIDE WY-U16 Olympiad 2022"]
[Site "Nakhchivan"]
[Date "2022.10.06"]
[Round "5.17"]
[White "Chen, Max"]
[Black "Seyid, Huseyn"]
[Result "0-1"]
[ECO "B22"]
[WhiteElo "2154"]
[BlackElo "2125"]
[Annotator "TA"]
[PlyCount "84"]
[EventDate "2022.10.02"]
[EventType "team-tourn"]
[EventCountry "AZE"]
[SourceTitle "playchess.com"]
[Source "ChessBase"]
[SourceQuality "1"]
[WhiteTeam "Canada"]
[BlackTeam "Azerbaijan"]
[WhiteTeamCountry "CAN"]
[BlackTeamCountry "AZE"]
[TimeControl "40/5400+30:1800+30"]

1. e4 c5 2. c3 Nf6 3. e5 Nd5 4. d4 cxd4 5. Nf3 d6 6. cxd4 Nc6 7. Bc4 dxe5 8. dxe5 Be6 {[%emt 0:00:03][%cal Od5f4] B22: Sicilian: 2 c3.} 9. O-O g6 10. Qe2 Qc7 {[%emt 0:00:34] The position is equal.} 11. Rd1 Rd8 12. Bd2 (12. Na3 {is interesting.} a6 13. Qe4 Nb6 14. Be3) 12... Bg7 13. Nc3 {[%emt 0:04:14] [#]} Nxe5 $146 (13... O-O {looks sharper.} 14. Rac1 Nxc3 15. Bxc3 Bxc4 16. Qxc4 e6) ({Predecessor:} 13... O-O 14. Qe4 Nxc3 15. Bxc3 Bxc4 16. Qxc4 e6 17. Qe2 Rxd1+ 18. Rxd1 Rd8 {½-½ (18) Chukanov,I (2287)-Voiculescu,F (2180) ICCF email 2011}) 14. Bxd5 (14. Nxe5 Bxe5 15. Bxd5 Bxd5 16. Nxd5 Rxd5 17. Rac1) 14... Bxd5 15. Nxd5 Rxd5 16. Be3 Rxd1+ 17. Rxd1 Nxf3+ 18. Qxf3 O-O 19. h3 (19. Rc1 Qb8 20. Bf4) 19... b6 (19... Bxb2 {seems wilder.} 20. Bxa7 Ra8 21. Qb3 Rxa7 22. Qxb2 Ra5) 20. Qe2 Rd8 21. Rxd8+ Qxd8 $17 {[%emt 0:00:05][%mdl 4096] Endgame KQB-KQB} 22. b4 h5 23. a4 Qd5 24. g3 Bc3 25. b5 (25. Qa6 $142 Bxb4 26. Qxa7) 25... Kg7 {[%emt 0:14:27] Black is more active.} 26. h4 e5 27. Qc2 Bd4 {[%emt 0:03:50] [#] White must now prevent ...Bxe3.} 28. Bg5 {[%emt 0:10:37][%mdl 8192] This move loses the game for White.} (28. Kh2 $17) 28... Qf3 $19 29. Kf1 Qh1+ 30. Ke2 Bxf2 31. Qc6 (31. Qc3 $142 Bd4 32. Qf3 Qh2+ 33. Ke1) 31... Qe1+ 32. Kd3 Qf1+ 33. Kd2 Bxg3 34. Kc2 Qf5+ 35. Kd1 {[%emt 0:00:29] [#]} Bxh4 $1 {[%emt 0:00:48] ( -> ...Qg4+)} 36. Bd2 Qg4+ 37. Kc1 Qxa4 38. Qe8 Qc4+ {[%emt 0:00:21] Black mates.} 39. Kb2 Qe2 40. Kc1 Be1 41. Bg5 Qc4+ 42. Kd1 Qg4+ {[%emt 0:00:05] Weighted Error Value: White=0.82/Black=0.10 (very precise)} 0-1